BSA
NEW ORLEANS LOOTERS @ MAUI TROPICS
06/06/2028
 
TOP OF THE 1ST
New Orleans Looters batting - Pitching for Maui Tropics : RHP Júlio González
Pitching: RHP Júlio González
Batting: SHB Arturo Sánchez 0-0: Called Strike
0-1: Ball
1-1: Ground out 6-3 (Groundball, 6)
Batting: RHB Rubén Vázquez 0-0: Ball
1-0: Ball
2-0: Ball
3-0: Base on Balls
Batting: LHB Seung-chun Mun 0-0: Called Strike
0-1: Ball
1-1: Fly out, F9 (Flyball, 89M)
Batting: RHB Stephen Shaw 0-0: Called Strike
0-1: Foul Ball, location: 2F
0-2: Ball
1-2: Ball
2-2: Foul Ball, location: 2F
2-2: Fielders Choice at 2nd, 6-4 (Groundball, 6)
Top of the 1st over - 0 run(s), 0 hit(s), 0 error(s), 0 left on base; New Orleans 0 - Maui 0
BOTTOM OF THE 1ST
Maui Tropics batting - Pitching for New Orleans Looters : RHP Étienne Garcia
Pitching: RHP Étienne Garcia
Batting: RHB José Rodríguez 0-0: SINGLE (Groundball, 56) (infield hit)
Batting: LHB Luis Antonio Torres 0-0: Ball
1-0: Called Strike
1-1: Ground out 5-3 (Groundball, 56S)
José Rodríguez to second
Batting: RHB Jesús Espinoza 0-0: Ball
1-0: Ball
2-0: Ball
3-0: Ground out 4-3 (Groundball, 4)
José Rodríguez to third
Batting: RHB Luis Alou 0-0: Fly out, F8 (Flyball, 8RD)
Bottom of the 1st over - 0 run(s), 1 hit(s), 0 error(s), 1 left on base; New Orleans 0 - Maui 0
TOP OF THE 2ND
New Orleans Looters batting - Pitching for Maui Tropics : RHP Júlio González
Batting: RHB Dave O'Loan 0-0: Ball
1-0: SINGLE (Line Drive, 6D)
Batting: LHB Eduardo Rodríguez 0-0: Ball
1-0: Fly out, F5 (Line Drive, 56)
Batting: LHB Taylor Smith 0-0: Called Strike
0-1: Swinging Strike
0-2: Strikes out swinging
Batting: RHB Run-ming Zhu 0-0: Ball
1-0: Ball
2-0: Called Strike
2-1: Ball
3-1: SINGLE (Groundball, 25) (infield hit)
Dave O'Loan to second
Batting: LHB Miguel Colón 0-0: Called Strike
0-1: Called Strike
0-2: SINGLE (Groundball, 4MD)
Dave O'Loan to third
Run-ming Zhu to second
Runner from 3rd tries for Home, SAFE, throw made at trailing runner, SAFE at third!
Batting: SHB Arturo Sánchez 0-0: Ball
1-0: Swinging Strike
1-1: Ball
2-1: Called Strike
2-2: SINGLE (Groundball, 34D)
Run-ming Zhu scores
Miguel Colón to second
Runner from 2nd tries for 3rd, SAFE, throw made to third
Batting: RHB Rubén Vázquez 0-0: Ball
1-0: Called Strike
1-1: Ball
Arturo Sánchez is caught stealing 2nd base
Top of the 2nd over - 2 run(s), 4 hit(s), 0 error(s), 0 left on base; New Orleans 2 - Maui 0
BOTTOM OF THE 2ND
Maui Tropics batting - Pitching for New Orleans Looters : RHP Étienne Garcia
Batting: LHB Mike Pearson 0-0: Called Strike
0-1: Ball
1-1: Fly out, F8 (Line Drive, 89S)
Batting: RHB José Herrera 0-0: Ball
1-0: Fly out, F7 (Flyball, 78M)
Batting: LHB Don Hull 0-0: Ball
1-0: Fly out, F9 (Flyball, 89S)
Bottom of the 2nd over - 0 run(s), 0 hit(s), 0 error(s), 0 left on base; New Orleans 2 - Maui 0
TOP OF THE 3RD
New Orleans Looters batting - Pitching for Maui Tropics : RHP Júlio González
Batting: RHB Rubén Vázquez 0-0: Ball
1-0: Called Strike
1-1: Foul Ball, location: 2F
1-2: Foul Ball, location: 2F
1-2: Foul Ball, location: 2F
1-2: Foul Ball, location: 2F
1-2: Fly out, F8 (Flyball, 89S)
Batting: LHB Seung-chun Mun 0-0: Swinging Strike
0-1: SOLO HOME RUN (Flyball, 9LD), Distance : 338 ft
Batting: RHB Stephen Shaw 0-0: Ground out 5-3 (Groundball, 56S)
Batting: RHB Dave O'Loan 0-0: Swinging Strike
0-1: Ball
1-1: Ball
2-1: SINGLE (Groundball, 56D)
Batting: LHB Eduardo Rodríguez 0-0: Ball
1-0: Called Strike
1-1: Foul Ball, location: 2F
1-2: Ground out U3 (Groundball, 3S)
Top of the 3rd over - 1 run(s), 2 hit(s), 0 error(s), 1 left on base; New Orleans 3 - Maui 0
BOTTOM OF THE 3RD
Maui Tropics batting - Pitching for New Orleans Looters : RHP Étienne Garcia
Batting: RHB Ximena Campos 0-0: Ball
1-0: Ball
2-0: Called Strike
2-1: Swinging Strike
2-2: DOUBLE (Flyball, 78D)
Pinch Runner at 2nd Michael Woodruff:
Batting: RHB Matt Silver 0-0: Called Strike
0-1: SINGLE (Line Drive, 6D)
Michael Woodruff to third
Batting: RHB José Rodríguez 0-0: Foul Ball, location: 2F
Balk!
Michael Woodruff scores
Matt Silver to second
0-1: Ball
1-1: Ball
2-1: Ball
3-1: Swinging Strike
3-2: Strikes out swinging
Batting: LHB Luis Antonio Torres 0-0: Ball
1-0: Ball
2-0: Ball
3-0: Base on Balls
Batting: RHB Jesús Espinoza 0-0: Foul Ball, location: 2F
0-1: DOUBLE (Groundball, 5L)
Matt Silver scores
Luis Antonio Torres to third
Batting: RHB Luis Alou 0-0: Swinging Strike
0-1: SINGLE (Groundball, 56D)
Luis Antonio Torres scores
Jesús Espinoza to third
Runner from 3rd tries for Home, SAFE, no throw
Batting: LHB Mike Pearson 0-0: Ball
1-0: Ground out U3 (Groundball, 34S)
Luis Alou to second
Batting: RHB José Herrera 0-0: Ball
1-0: Ball
2-0: Fly out, F8 (Flyball, 8RM)
Bottom of the 3rd over - 4 run(s), 4 hit(s), 0 error(s), 1 left on base; New Orleans 3 - Maui 4
TOP OF THE 4TH
New Orleans Looters batting - Pitching for Maui Tropics : RHP Júlio González
Now at C: Michael Woodruff
Batting: LHB Taylor Smith 0-0: Ball
1-0: DOUBLE (Line Drive, 89D)
Batting: RHB Run-ming Zhu 0-0: Swinging Strike
0-1: Foul Ball, location: 2F
0-2: SINGLE (Groundball, 6D)
Taylor Smith to third
Runner from 3rd tries for Home, SAFE, throw made home
Batting: LHB Miguel Colón 0-0: Ball
1-0: Ball
2-0: Called Strike
2-1: Foul Ball, location: 2F
2-2: Ball
3-2: Fly out, F7 (Flyball, 7LDF)
Batting: SHB Arturo Sánchez 0-0: Called Strike
0-1: SINGLE (Flyball, 7S)
Run-ming Zhu to second
Batting: RHB Rubén Vázquez 0-0: Fielders Choice at 2nd, 3-6 (Groundball, 34)
Run-ming Zhu to third
Batting: LHB Seung-chun Mun 0-0: Called Strike
0-1: Ball
1-1: Fly out, F4 (Popup, 3D)
Top of the 4th over - 1 run(s), 3 hit(s), 0 error(s), 2 left on base; New Orleans 4 - Maui 4
BOTTOM OF THE 4TH
Maui Tropics batting - Pitching for New Orleans Looters : RHP Étienne Garcia
Batting: LHB Don Hull 0-0: Ball
1-0: Foul Ball, location: 2F
1-1: Ball
2-1: Foul Ball, location: 2F
2-2: Ground out 4-3 (Groundball, 4M)
Batting: RHB Michael Woodruff 0-0: Foul Ball, location: 2F
0-1: Ball
1-1: Fly out, F7 (Flyball, 7)
Batting: RHB Matt Silver 0-0: Ball
1-0: Called Strike
1-1: Reached on error, E1 (Groundball, 13S)
Batting: RHB José Rodríguez 0-0: Ball
1-0: Ball
2-0: Ball
Matt Silver steals 2nd base
3-0: Called Strike
3-1: Foul Ball, location: 2F
3-2: Foul Ball, location: 2F
3-2: Strikes out swinging
Bottom of the 4th over - 0 run(s), 0 hit(s), 1 error(s), 1 left on base; New Orleans 4 - Maui 4
TOP OF THE 5TH
New Orleans Looters batting - Pitching for Maui Tropics : RHP Júlio González
Batting: RHB Stephen Shaw 0-0: Called Strike
0-1: Ground out 2-3 (Groundball, 2L)
Batting: RHB Dave O'Loan 0-0: Fly out, F7 (Flyball, 7LS)
Batting: LHB Eduardo Rodríguez 0-0: Foul Ball, location: 2F
0-1: Foul Ball, location: 2F
0-2: Ball
1-2: SINGLE (Line Drive, 89S)
Batting: LHB Taylor Smith 0-0: Ball
1-0: Called Strike
1-1: Ball
2-1: Fly out, F2 (Popup, 56S)
Top of the 5th over - 0 run(s), 1 hit(s), 0 error(s), 1 left on base; New Orleans 4 - Maui 4
BOTTOM OF THE 5TH
Maui Tropics batting - Pitching for New Orleans Looters : RHP Étienne Garcia
Batting: LHB Luis Antonio Torres 0-0: SINGLE (Flyball, 7LS)
Batting: RHB Jesús Espinoza 0-0: Ball
1-0: Called Strike
1-1: Fly out, F7 (Flyball, 7)
Batting: RHB Luis Alou 0-0: 2-RUN HOME RUN (Flyball, 7D), Distance : 354 ft
Pitching: RHP Roy March
Batting: LHB Mike Pearson 0-0: Called Strike
0-1: Ball
1-1: Reached on error, E3 (Line Drive, 34)
Batting: RHB José Herrera 0-0: Called Strike
0-1: Called Strike
0-2: Foul Ball, location: 2F
0-2: Ball
1-2: Ball
2-2: Fly out, F7 (Flyball, 7)
Batting: LHB Don Hull 0-0: SINGLE (Groundball, 6D)
Mike Pearson to second
Batting: RHB Michael Woodruff 0-0: Called Strike
0-1: Ball
1-1: Swinging Strike
1-2: Foul Ball, location: 2F
1-2: Ball
2-2: Strikes out swinging
Bottom of the 5th over - 2 run(s), 3 hit(s), 1 error(s), 2 left on base; New Orleans 4 - Maui 6
TOP OF THE 6TH
New Orleans Looters batting - Pitching for Maui Tropics : RHP Júlio González
Batting: RHB Run-ming Zhu 0-0: Ball
1-0: Foul Ball, location: 2F
1-1: Called Strike
1-2: Ball
2-2: Foul Ball, location: 2F
2-2: Foul Ball, location: 2F
2-2: Foul Ball, location: 2F
2-2: Ball
3-2: Fly out, F9 (Flyball, 9LD)
Batting: LHB Miguel Colón 0-0: Ball
1-0: Swinging Strike
1-1: Foul Ball, location: 2F
1-2: Foul Ball, location: 2F
1-2: Strikes out swinging
Batting: SHB Arturo Sánchez 0-0: Called Strike
0-1: Ball
1-1: SINGLE (Flyball, 8LS)
Batting: RHB Rubén Vázquez 0-0: Foul Ball, location: 2F
0-1: Ball
1-1: Foul Ball, location: 2F
1-2: Foul Ball, location: 2F
1-2: Ball
2-2: SINGLE (Groundball, 4MD)
Arturo Sánchez to second
Arturo Sánchez to third
Pitching: RHP Yong-taek Yi
Batting: LHB Seung-chun Mun 0-0: Fly out, F5 (Popup, 5L)
Top of the 6th over - 0 run(s), 2 hit(s), 0 error(s), 2 left on base; New Orleans 4 - Maui 6
BOTTOM OF THE 6TH
Maui Tropics batting - Pitching for New Orleans Looters : RHP Roy March
Batting: RHB Matt Silver 0-0: Ground out 6-3 (Groundball, 6)
Batting: RHB José Rodríguez 0-0: Ball
1-0: Foul Ball, location: 2F
1-1: Swinging Strike
1-2: Strikes out swinging, 2-3 out at first.
Batting: LHB Luis Antonio Torres 0-0: Foul Ball, location: 2F
0-1: Ball
1-1: Ball
2-1: Swinging Strike
2-2: Ball
3-2: Foul Ball, location: 2F
3-2: Base on Balls
Batting: RHB Jesús Espinoza 0-0: Ball
1-0: Fielders Choice at 2nd, 4-6 (Groundball, 4)
Bottom of the 6th over - 0 run(s), 0 hit(s), 0 error(s), 0 left on base; New Orleans 4 - Maui 6
TOP OF THE 7TH
New Orleans Looters batting - Pitching for Maui Tropics : RHP Yong-taek Yi
Batting: RHB Stephen Shaw 0-0: Ball
1-0: Ball
2-0: Ball
3-0: Called Strike
3-1: Base on Balls
Pinch Runner at 1st Francisco Vega:
Batting: RHB Dave O'Loan 0-0: Foul Ball, location: 2F
0-1: Foul Ball, location: 2F
0-2: Ball
1-2: SINGLE (Groundball, 5D)
Francisco Vega to second
Batting: LHB Eduardo Rodríguez 0-0: Sac Bunt - play at first, batter OUT! 2-3
Francisco Vega to third
Dave O'Loan to second
Batting: LHB Taylor Smith 0-0: Ball
1-0: Ball
2-0: Called Strike
2-1: Foul Ball, location: 2F
2-2: Ball
3-2: Base on Balls
Batting: RHB Run-ming Zhu 0-0: Foul Ball, location: 2F
0-1: Foul Ball, location: 2F
0-2: Fielders Choice at 3rd, U5 (Groundball, 5L)
Francisco Vega scores
Taylor Smith to second
Batting: LHB Miguel Colón 0-0: Foul Ball, location: 2F
0-1: Ball
1-1: Ball
2-1: Swinging Strike
2-2: Fielders Choice at 2nd, 4-6 (Groundball, 4)
Top of the 7th over - 1 run(s), 1 hit(s), 0 error(s), 1 left on base; New Orleans 5 - Maui 6
BOTTOM OF THE 7TH
Maui Tropics batting - Pitching for New Orleans Looters : RHP Roy March
Now at 2B: Tim Gardner
Batting: RHB Luis Alou 0-0: Called Strike
0-1: Ball
1-1: Ball
2-1: Foul Ball, location: 2F
2-2: Ball
3-2: Foul Ball, location: 2F
3-2: Fly out, F6 (Popup, 4MS)
Batting: LHB Mike Pearson 0-0: SINGLE (Groundball, 34) (infield hit)
Batting: RHB José Herrera 0-0: Foul Ball, location: 2F
0-1: Called Strike
0-2: Ball
1-2: Foul Ball, location: 2F
Pickoff Throw to First - Error! E1
Mike Pearson to second
1-2: Ball
2-2: Foul Ball, location: 2F
2-2: Ball
3-2: Intentional Walk
Batting: LHB Don Hull 0-0: Ball
1-0: Grounds into double play, 4-6-3 (Groundball, 4)
Bottom of the 7th over - 0 run(s), 1 hit(s), 1 error(s), 1 left on base; New Orleans 5 - Maui 6
TOP OF THE 8TH
New Orleans Looters batting - Pitching for Maui Tropics : RHP Yong-taek Yi
Pitching: RHP Luis De Los Ángeles
Batting: SHB Arturo Sánchez 0-0: Ball
1-0: Ground out 6-3 (Groundball, 6M)
Batting: RHB Rubén Vázquez 0-0: Swinging Strike
0-1: Foul Ball, location: 2F
0-2: Ball
1-2: SINGLE (Groundball, 6MD)
Pitching: LHP Mark Stewart
Batting: LHB Seung-chun Mun 0-0: Called Strike
0-1: Called Strike
0-2: Foul Ball, location: 2F
0-2: Foul Ball, location: 2F
0-2: Ball
1-2: Ball
2-2: Ball
3-2: SINGLE (Line Drive, 34D)
Rubén Vázquez to second
Pitching: RHP César Rúbio
Batting: RHB Tim Gardner 0-0: Called Strike
0-1: Ball
1-1: Foul Ball, location: 2F
1-2: Ball
2-2: Ball
3-2: Foul Ball, location: 2F
3-2: Fly out, F7 (Flyball, 7)
Batting: RHB Dave O'Loan 0-0: Foul Ball, location: 2F
0-1: Swinging Strike
0-2: Ball
1-2: Ball
2-2: Strikes out swinging
Top of the 8th over - 0 run(s), 2 hit(s), 0 error(s), 2 left on base; New Orleans 5 - Maui 6
BOTTOM OF THE 8TH
Maui Tropics batting - Pitching for New Orleans Looters : RHP Roy March
Batting: RHB Michael Woodruff 0-0: Foul Ball, location: 2F
0-1: Swinging Strike
0-2: Foul Ball, location: 2F
0-2: Ball
1-2: Ball
2-2: Fly out, F4 (Popup, 4)
Batting: RHB Matt Silver 0-0: Ball
1-0: Ground out 5-3 (Groundball, 56)
Pitching: RHP Juan Flores
Batting: RHB José Rodríguez 0-0: Called Strike
0-1: Ball
1-1: Called Strike
1-2: Foul Ball, location: 2F
1-2: Strikes out swinging
Bottom of the 8th over - 0 run(s), 0 hit(s), 0 error(s), 0 left on base; New Orleans 5 - Maui 6
TOP OF THE 9TH
New Orleans Looters batting - Pitching for Maui Tropics : RHP César Rúbio
Pitching: RHP John Burris
Batting: LHB Eduardo Rodríguez 0-0: Ball
1-0: Ball
2-0: Ball
3-0: Base on Balls
Pitching: RHP Juan González
Batting: LHB Taylor Smith 0-0: Ball
1-0: Foul Ball, location: 2F
1-1: Foul Ball, location: 2F
1-2: Foul Ball, location: 2F
1-2: Strikes out swinging
Pinch Hitting: SHB Oliver Deleón 0-0: Called Strike
0-1: Swinging Strike
0-2: Ball
1-2: Grounds into double play, 4-6-3 (Groundball, 4)
Top of the 9th over - 0 run(s), 0 hit(s), 0 error(s), 0 left on base; New Orleans 5 - Maui 6
Tuesday, August 8th, 2017 - OOTP Baseball 17.12 Build 75